 Seeded DCSS version 0.30-a0-223-gcb0039aa0c (webtiles) character file.

Game seed: 20221010 (custom seed)

300 a11behringer the Conjurer (level 5, -2/38 HPs)
             Began as a Demigod Conjurer on Oct 10, 2022.
             Slain by a scorpion (6 damage)
             ... on level 4 of the Dungeon.
             The game lasted 00:19:55 (3530 turns).

a11behringer the Conjurer (Demigod Conjurer)        Turns: 3530, Time: 00:19:56

Health: -2/38      AC:  4    Str:  8    XL:     5   Next: 89%
Magic:  12/12      EV: 12    Int: 24    God:
Gold:   196        SH:  0    Dex: 12    Spells: 6/9 levels left

rFire   . . .      SeeInvis .    z - +2 short sword (freeze)
rCold   + . .      Faith    .    (no shield)
rNeg    . . .      Spirit   .    a - +0 robe
rPois   .          Reflect  .    (no helmet)
rElec   .          Harm     .    t - +0 cloak
rCorr   .          Rampage  .    (no gloves)
Will    .....                    B - +0 pair of boots
Stlth   ++........               (no amulet)
HPRegen 0.26/turn                o - ring of protection from cold
MPRegen 0.13/turn                (no ring)

@: no status effects
A: high MP 1, forlorn, divine attributes
a: no special abilities


You were on level 4 of the Dungeon.
You visited 1 branch of the dungeon, and saw 4 of its levels.

You collected 196 gold pieces.

Inventory:

Hand Weapons
 f - a +0 mace
 g - a +0 dagger
 i - a +2 short sword of draining
 l - a +0 dagger of flaming
 q - a +0 quarterstaff
 v - a +0 dagger of holy wrath
 z - a +2 short sword of freezing (weapon)
 A - a +0 sling
Armour
 a - a +0 robe (worn)
 t - a +0 cloak (worn)
 B - a +0 pair of boots (worn)
Jewellery
 o - a ring of protection from cold (left hand)
 C - a ring of ice
Scrolls
 d - 3 scrolls of vulnerability {unknown}
 e - 5 scrolls of identify {unknown}
 j - a scroll of amnesia {unknown}
 n - 4 scrolls of enchant armour {unknown}
 p - a scroll of poison {unknown}
 u - 2 scrolls of teleportation {unknown}
 w - a scroll of blinking {unknown}
 y - a scroll of fog {unknown}
Potions
 b - a potion of magic
 c - 2 potions of heal wounds {unknown}
 h - 3 potions of attraction {unknown}
 k - a potion of might {unknown}
 m - 2 potions of flight {unknown}
 r - 2 potions of mutation {unknown}
 s - 4 potions of curing {unknown}
 x - a potion of ambrosia {unknown}


   Skills:
 + Level 3.1 Dodging
 + Level 3.2 Stealth
 + Level 2.8 Spellcasting
 * Level 5.1 Conjurations


You had 6 spell levels left.
You knew the following spells:

 Your Spells              Type           Power      Damage    Failure   Level
a - Magic Dart            Conj           100%       1d8       1%          1
b - Searing Ray           Conj           56%        2d6       1%          2

Your spell library contained the following spells:

 Spells                   Type           Power      Damage    Failure   Level
 Dazzling Flash           Conj/Hex       30%        N/A       12%         3
 Fulminant Prism          Conj/Hex       7%         3d7       36%         4
 Iskenderun's Mystic Bla  Conj/Tloc      15%        2d5       36%         4
 Iskenderun's Battlesphe  Conj           28%        2d8       36%         5
 Agony                    Necr           3%         N/A       97%         5
 Silence                  Hex/Air        1%         N/A       97%         5
 Iron Shot                Conj/Erth      7%         9d2       99%         6
 Spellforged Servitor     Conj/Summ      7%         N/A       100%        7


Dungeon Overview and Level Annotations

Branches:
Dungeon (4/15)
 Temple: D:4-7

Annotations:
D:4 3 runed translucent doors


Innate Abilities, Weirdness & Mutations

You have an increased reservoir of magic. (+10% MP)
You shall have no god before yourself.
Your divine heritage dramatically boosts your attributes as you level up.


Message History

The black bear is moderately wounded.
The magic dart hits the black bear but does no damage.
The black bear is moderately wounded.
There are monsters nearby!
You see here a +0 club.
The scorpion attacks as you move away! The scorpion barely misses you. x2
The scorpion attacks as you move away! The scorpion stings you.
You are poisoned.
The scorpion poisons you!
You feel sick.
You feel sick.
You see here a +2 barding.
You feel sick. The scorpion closely misses you.
The scorpion attacks as you move away! The scorpion stings you.
You are more poisoned.
The scorpion poisons you!
You feel very sick.
You feel very sick. The scorpion attacks as you move away!
The scorpion misses you.
You feel very sick.
Found a hazy altar of Hepliaklqana.
You feel sick.
You feel sick. The scorpion closely misses you.
You feel sick. The scorpion attacks as you move away! The scorpion stings you.
* * * LOW HITPOINT WARNING * * *
You feel sick. The scorpion attacks as you move away! The scorpion misses you.
You feel sick.
You feel sick.
You closely miss the scorpion.
You feel sick.
The scorpion stings you but does no damage.
The scorpion stings you.
* * * LOW HITPOINT WARNING * * *
You feel sick.
You are no longer poisoned.
The scorpion stings you but does no damage.
You see here a book of Power.
You pick up a book of Power and begin reading...
You add the spells Iskenderun's Battlesphere, Iron Shot and Spellforged Servitor to your library.
The scorpion closely misses you. The scorpion stings you.
You die...

.....#..).................
#....#....................
..............._..⌠.....#
....##.................#
........[..........._.####
....##.#..................
.).....#.#####.##....#....
.#........####.##sh...###
.##..##...##....@.........
.###.####....#.##...#.....
..#### #....#.##...#.....
.[# ..#......###### ....
..# ...(#.......# ...
..#..(..+...#..... ...
..#(....+...###.#.#
..#...(.+..## .# .
..#.(...#..# #


You could see a black bear and a scorpion.

Vanquished Creatures
  An ogre (D:4)
  A phantom (D:4)
  Jessica (D:3)
  4 adders
  3 worms
  2 dart slugs (D:2)
  3 orcs
  3 ball pythons
  3 bats (D:2)
  8 endoplasms
  3 giant cockroaches
  7 goblins
  7 hobgoblins
  5 jackals
  A quokka (D:4)
  A frilled lizard (D:1)
  7 kobolds
  6 rats
66 creatures vanquished.

Vanquished Creatures (others)
  A plant (D:1)
  4 toadstools (D:1)
5 creatures vanquished.

Grand Total: 71 creatures vanquished

Notes
Turn   | Place    | Note
-------+----------+-------------------------------------------
     0 | D:1      | a11behringer the Demigod Conjurer began the quest for the
                  | Orb.
     0 | D:1      | Reached XP level 1. HP: 14/14 MP: 5/5
   257 | D:1      | Reached XP level 2. HP: 20/20 MP: 2/7
  1010 | D:1      | Learned a level 2 spell: Searing Ray
  1161 | D:2      | Reached skill level 4 in Conjurations
  1255 | D:2      | Reached XP level 3. HP: 26/26 MP: 1/8
  2291 | D:3      | Reached XP level 4. HP: 33/33 MP: 7/10
  2291 | D:3      | Noticed Jessica
  2295 | D:3      | Killed Jessica
  3058 | D:4      | Noticed an ogre
  3238 | D:4      | Noticed a phantom
  3258 | D:4      | Killed a phantom
  3259 | D:4      | Reached XP level 5. HP: 31/38 MP: 0/11
  3351 | D:4      | Found a runed translucent gate.
  3351 | D:4      | Found a runed translucent gate.
  3352 | D:4      | Found a runed translucent gate.
  3372 | D:4      | Killed an ogre
  3373 | D:4      | Reached skill level 5 in Conjurations
  3497 | D:4      | Noticed a black bear
  3530 | D:4      | Slain by a scorpion

Illustrated notes

Levels and vault maps discovered:
D:1:      ldierk_water_garden, layout_basic,
          shapermc_ecumenical_altar_mp_ritualfount, grunt_decor_junction
D:2:      layout_rooms, nicolae_wormholes
D:3:      layout_rooms, serial_park_tiny_1, uniq_jessica
D:4:      cheibrodos_quashed, layout_rooms, grunt_temple_overflow_open,
          ebering_ghost_rock_garden, cheibrodos_gnoll_hut

Skill      XL: |  1  2  3  4  5 |
---------------+----------------+-----
Stealth        | 2 3 |  3.2
Dodging        | 2 3 |  3.1
Spellcasting   | 2 |  2.8
Conjurations   | 4 5 |  5.1

Action                   |  1- 3 |  4- 6 || total
-------------------------+-------+-------++-------
Melee: Short sword       |       |    10 ||    10
 Cast: Magic Dart        |    93 |    43 ||   136
       Searing Ray       |    10 |     7 ||    17
Armor: Robe              |       |     6 ||     6
Dodge: Dodged            |     4 |    21 ||    25

Table legend: (Time is in decaauts)
 A = Elapsed time spent in this place.
 B = Non-inter-level travel time spent in this place.
 C = Inter-level travel time spent in this place.
 D = Time resting spent in this place.
 E = Time spent auto-exploring this place.
 F = Levels seen in this place.
 G = Mean time per level.
                   A        B        C        D        E       F      G
               +--------+--------+--------+--------+--------+-----+--------+
         Total |   3530 |   3084 |    446 |      0 |   2593 |   4 |  882.5 |
       Dungeon |   3530 |   3084 |    446 |      0 |   2593 |   4 |  882.5 |
               +--------+--------+--------+--------+--------+-----+--------+

Top non-repeatable levels by time:
     D:2: 1155 daAuts
     D:1: 1116 daAuts
     D:3: 845 daAuts
     D:4: 412 daAuts
